 Dungeon Crawl Stone Soup version 0.30.0-10-gfe55d96785 (webtiles) character file.

Game seed: 1265533262781008591

92 cheesebisquit the Firebug (level 4, 0/36 HPs)
             Began as a Draconian Fire Elementalist on May 14, 2023.
             Slain by an orc
             ... wielding a +1 mace of protection
              (7 damage)
             ... on level 3 of the Dungeon.
             The game lasted 00:05:14 (2334 turns).

cheesebisquit the Firebug (DrFE)                    Turns: 2334, Time: 00:05:14

Health: 0/36       AC:  5    Str: 10    XL:     4   Next: 35%
Magic:  8/8        EV: 12    Int: 17    God:
Gold:   83         SH:  0    Dex: 12    Spells: 7/8 levels left

rFire   . . .        b - +0 broad axe
rCold   . . .        (no shield)
rNeg    . . .        (body armour unavailable)
rPois   .            (helmet restricted)
rElec   .            (no cloak)
rCorr   .            (no gloves)
SInv    .            (no boots)
Will    .....        (no amulet)
Stlth   ++           f - ring of flight
HPRegen 0.26/turn    (no ring)
MPRegen 0.11/turn

%: no passive effects
@: flying
A: AC +5, unfitting armour, cold-blooded
a: no special abilities


You were on level 3 of the Dungeon.
You visited 1 branch of the dungeon, and saw 3 of its levels.

You collected 83 gold pieces.

Inventory:

Hand Weapons
 b - a +0 broad axe (weapon)
Missiles
 h - 5 silver boomerangs
 j - 3 atropa-tipped darts
Jewellery
 f - a ring of flight (left hand)
Scrolls
 c - a scroll of fog {unknown}
 d - a scroll of magic mapping {unknown}
 g - 2 scrolls of enchant weapon {unknown}
 i - a scroll of fear {unknown}
 m - a scroll of teleportation {unknown}
 o - 3 scrolls of identify {unknown}
 p - a scroll of acquirement {unknown}
Potions
 a - a potion of magic
 e - 4 potions of curing {unknown}
 k - a potion of cancellation {unknown}
 l - a potion of mutation {unknown}
 n - a potion of degeneration {unknown}


   Skills:
 + Level 1.9 Fighting
 + Level 2.5 Dodging
 + Level 2.7 Stealth
 + Level 2.7 Spellcasting
 - Level 1.0 Conjurations
 - Level 3.0 Fire Magic


You had 7 spell levels left.
You knew the following spells:

 Your Spells              Type           Power      Damage    Failure   Level
a - Foxfire               Conj/Fire      36%        2x1d5     8%          1

Your spell library contained the following spells:

 Spells                   Type           Power      Damage    Failure   Level
 Scorch                   Fire           24%        2d6       8%          2
 Ensorcelled Hibernation  Hex/Ice        4%         N/A       26%         2
 Inner Flame              Hex/Fire       7%         N/A       28%         3
 Volatile Blastmotes      Fire/Tloc      14%        2d11      28%         3
 Spider Form              Tmut/Pois      2%         N/A       47%         3
 Flame Wave               Conj/Fire      9%         2d6       61%         4
 Anguish                  Hex/Necr       1%         N/A       87%         4


Dungeon Overview and Level Annotations

Branches:
Dungeon (3/15)

Altars:

Annotations:
D:3 1 runed translucent door, 2FriedEggs's ghost, amateur DgAE


Innate Abilities, Weirdness & Mutations

Your plain brown scales are hard. (AC +5)
You cannot fit into any form of body armour.
You are cold-blooded and may be slowed by cold attacks.


Message History

You hit the orc but do no damage.
Your tail-slap misses the orc.
The orc is heavily wounded.
The orc hits you with a +1 mace of protection.
You hit the orc but do no damage.
You tail-slap the orc, but do no damage.
The orc is heavily wounded.
The orc hits you with a +1 mace of protection.
The orc hits you but does no damage.
You hit the orc.
You tail-slap the orc, but do no damage.
The orc is almost dead.
The orc misses you.
You closely miss the orc.
The orc is almost dead.
The orc closely misses you. x2
You barely miss the orc.
The orc is severely wounded.
The orc closely misses you.
The orc hits you with a +1 mace of protection.
You barely miss the orc.
The orc is severely wounded.
The orc closely misses you.
You barely miss the orc.
The orc is severely wounded.
The orc hits you with a +1 mace of protection.
The orc closely misses you.
You closely miss the orc.
The orc is severely wounded.
The orc closely misses you.
You barely miss the orc.
The orc is severely wounded.
The orc hits you with a +1 mace of protection.
* * * LOW HITPOINT WARNING * * *
The orc closely misses you. The orc attacks as you move away!
The orc hits you with a +1 mace of protection.
* * * LOW HITPOINT WARNING * * *
There is a stone staircase leading up here.
The orc hits you with a +1 mace of protection!
You die...

...............
.......?........
............. ..
............#..
.....†.o.#...
......)r##.#
......o#o..#
......##o###
.....# #@# ....#
### ####


You could see 3 orcs and a rat.

Vanquished Creatures
  An orc priest (D:3)
  2 adders (D:3)
  A worm (D:2)
  2 dart slugs
  An orc (D:2)
  7 endoplasms
  3 giant cockroaches
  2 goblins
  3 hobgoblins
  5 ball pythons
  3 bats
  7 kobolds
  A rat (D:3)
38 creatures vanquished.

Vanquished Creatures (others)
  104 foxfires
104 creatures vanquished.

Grand Total: 142 creatures vanquished

Notes
Turn   | Place    | Note
-------+----------+-------------------------------------------
     0 | D:1      | cheesebisquit the Draconian Fire Elementalist began the
                  | quest for the Orb.
     0 | D:1      | Reached XP level 1. HP: 14/14 MP: 3/3
   371 | D:1      | Reached XP level 2. HP: 22/22 MP: 3/5
   612 | D:1      | Reached skill level 1 in Fighting
  1143 | D:2      | Found a faded altar of an unknown god.
  1429 | D:2      | Reached XP level 3. HP: 24/28 MP: 1/6
  2149 | D:3      | Found a runed translucent door.
  2150 | D:3      | Noticed 2FriedEggs's ghost (amateur DgAE)
  2311 | D:3      | Reached XP level 4. HP: 36/36 MP: 4/8
  2334 | D:3      | Slain by an orc

Illustrated notes

Levels and vault maps discovered:
D:1:      saegor_arrival_under_anarchy, layout_basic
D:2:      layout_loops_ring, serial_co_window_serial, co_window_paths_b,
          co_window_corner_a, co_window_paths_a, co_window_corner_a,
          co_window_paths_a, co_window_broadway_c, co_window_of_opportunity_c,
          co_window_broadway_b, co_window_4corner_a, co_window_paths_d,
          shapermc_ecumenical_altar_notcrosses
D:3:      layout_basic, nemelex_dance_club_becter, gammafunk_ghost_grave,
          guppyfry_early_lair_pool

Skill      XL: |  1  2 |
---------------+-------+-----
Dodging        | 2 |  2.5
Stealth        | 2 |  2.7
Fighting       | 1 |  1.9
Spellcasting   | |  2.7
Conjurations   | |  1.0
Fire Magic     | |  3.0

Action                     |  1- 3 |  4- 6 || total
---------------------------+-------+-------++-------
  Melee: Broad axe         |    25 |    20 ||    45
         Tailslap          |     1 |     3 ||     4
   Cast: Foxfire           |    62 |       ||    62
 Armour: Skin              |    13 |     4 ||    17
  Dodge: Dodged            |    33 |    19 ||    52
